Senators vs Panthers

Created - March 24, 2017 at 17:24

Goals
1 2 3 T
Senators 2 0 1 3
Panthers 1 0 1 2
Shots
1 2 3 T
Senators 15 8 11 34
Panthers 12 11 13 36

1st period

1. Senators , Lauri Korpikoski 21 (Drew Miller, Paul Gaustad) at 0:56
2. Senators , Derick Brassard 20 (Michael Stone) at 11:43
3. Panthers , Patrick Kane 40 (Tyler Myers) at 13:25 (PP)

Penalties :
Danny DeKeyser (FLA) for Roughing (Minor) at 7:56, Tyler Seguin (OTT) for Delaying the game (Minor) at 12:04, Trevor van Riemsdyk (FLA) for High sticking (Minor) at 13:44, Michael Stone (OTT) for Hooking (Minor) at 16:06

2nd period

No Goal

Penalties :
Pavel Datsyuk (FLA) for Tripping (Minor) at 0:12

3rd period

4. Panthers , Nikolaj Ehlers 15 (T.J. Brodie, Patrick Kane) at 0:25
5. Senators , Mark Stone 43 (Mike Hoffman, Tyler Seguin) at 13:46

Penalties :
Joe Thornton (FLA) for Holding (Minor) at 8:01, Marc Methot (OTT) for Hooking (Minor) at 19:56

Goalie Stats

Tuukka Rask (OTT), 34 saves from 36 shots - (0.944), W, 31-15-5, 60:00 minutes
Marc-Andre Fleury (FLA), 31 saves from 34 shots - (0.912), L, 39-22-4, 59:51 minutes

Players Stats for Senators

Player Name              G  A  P  +/- PIM S  H  SB GA TA FO     MP     PP MP  PK MP  
------------------------------------------------------------------------------------
Anton Lander             0  0  0   0  0   0  0  0  0  0  4/12    6:40   0:00   1:27 
Brayden Schenn           0  0  0   0  0   6  6  1  0  0  1/2    21:11   4:14   0:00 
Derick Brassard          1  0  1   0  0   5  3  0  0  0  12/27  20:39   3:42   0:00 
Drew Doughty             0  0  0   0  0   0  2  2  0  0  0/0    23:41   3:55   1:10 
Drew Miller              0  1  1   1  0   1  0  0  0  0  1/2    12:18   0:00   1:27 
Jakub Nakladal           0  0  0   1  0   0  3  1  0  0  0/0    12:35   0:00   0:00 
Jared Cowen              0  0  0   1  0   1  3  3  0  0  0/0    22:47   4:01   1:16 
Jason Garrison           0  0  0   1  0   1  0  1  0  0  0/0    17:46   3:55   1:16 
Lauri Korpikoski         1  0  1   1  0   4  0  0  0  0  0/0    10:05   0:00   0:00 
Marc Methot              0  0  0   0  2   1  2  2  0  0  0/0    20:42   0:00   2:07 
Mark Stone               1  0  1   1  0   6  0  0  0  0  1/3    20:40   4:14   0:00 
Michael Stone            0  1  1   1  2   1  3  1  0  0  0/0    22:27   4:01   0:57 
Mike Hoffman             0  1  1   1  0   2  0  0  0  0  0/0    19:59   3:42   0:00 
Milan Michalek           0  0  0   0  0   3  0  0  0  0  0/1     5:22   0:00   0:00 
Patrick Marleau          0  0  0   0  0   2  0  0  0  0  0/1    20:39   3:42   0:00 
Paul Gaustad             0  1  1   1  0   0  0  0  0  0  8/15   12:01   0:00   1:56 
Steve Bernier            0  0  0   0  0   0  1  0  0  0  0/1     6:43   0:00   1:56 
Tyler Seguin             0  1  1   1  2   1  3  0  0  0  20/34  20:19   4:14   0:00 

Players Stats for Panthers

Player Name              G  A  P  +/- PIM S  H  SB GA TA FO     MP     PP MP  PK MP  
------------------------------------------------------------------------------------
Alex Tanguay             0  0  0  -1  0   1  1  0  0  0  0/0    10:46   0:00   0:00 
Artem Anisimov           0  0  0  -1  0   2  1  1  0  0  10/20  12:45   0:00   2:10 
Danny DeKeyser           0  0  0   0  2   0  1  0  0  0  0/0    13:03   0:00   0:00 
Jacob Trouba             0  0  0   0  0   1  4  2  0  0  0/0    25:14   2:09   4:08 
Jesper Fast              0  0  0   0  0   1  2  0  0  0  1/1     8:34   0:00   5:46 
Joe Thornton             0  0  0  -1  2   2  0  0  0  0  14/21  18:50   1:48   0:00 
Justin Braun             0  0  0  -2  0   1  1  5  0  0  0/0    21:42   1:14   3:48 
Matt Duchene             0  0  0   0  0   3  1  0  0  0  10/25  19:50   1:35   0:00 
Mikkel Boedker           0  0  0  -1  0   3  1  0  0  0  0/1    10:35   0:00   0:00 
Nikolaj Ehlers           1  0  1   0  0   5  3  0  0  0  1/3    19:30   1:35   0:00 
Patrick Kane             1  1  2   0  0   5  2  0  0  0  1/1    22:00   1:35   2:10 
Pavel Datsyuk            0  0  0  -1  2   7  3  0  0  0  5/5    18:59   1:48   0:00 
Pierre-Edouard Bellemare 0  0  0   0  0   0  1  0  0  0  9/19    8:34   0:00   5:46 
Reid Boucher             0  0  0   0  0   0  0  0  0  0  0/1     2:48   0:00   0:00 
T.J. Brodie              0  1  1   0  0   1  0  1  0  0  0/0    25:14   2:09   4:08 
Trevor van Riemsdyk      0  0  0   0  2   1  0  0  0  0  0/0    13:03   0:00   0:00 
Tyler Myers              0  1  1  -2  0   0  1  0  0  0  0/0    21:42   1:14   3:48 
Vladimir Tarasenko       0  0  0  -1  0   3  0  0  0  0  0/1    18:51   1:48   0:00 

3 Stars

1 - Patrick Kane (FLA)
2 - Derick Brassard (OTT)
3 - Nikolaj Ehlers (FLA)

Power Play

Senators - 0 on 4 Attempt(s) - 0.00%
Panthers - 1 on 3 Attempt(s) - 33.33%

Penalty Kill

Senators - 2 on 3 Attempt(s) - 66.67% - Score 0 goal in Penalty Kill
Panthers - 4 on 4 Attempt(s) - 100.00% - Score 0 goal in Penalty Kill

Team Stat

Senators - Hits : 26 - Faceoff Wins : 47 - Blocked Shots : 11 - Penalty Minutes : 6
Panthers - Hits : 22 - Faceoff Wins : 51 - Blocked Shots : 9 - Penalty Minutes : 8

Official

Referees : Brad Meier and Chris Lee
Linesman : Scott Driscoll and Don Henderson

Game Notes

No Game Note

Finance

Level 1 -- Attendance: 6000 (100.00%) -- Ticket Income $642,000
Level 2 -- Attendance: 4729 (94.58%) -- Ticket Income $354,675
Level 3 -- Attendance: 2985 (85.29%) -- Ticket Income $146,265
Level 4 -- Attendance: 3021 (80.56%) -- Ticket Income $66,462
Luxury Box -- Attendance: 922 (92.20%) -- Ticket Income $186,244
Game was played at the BBT Center.
Total Attendance: 17657 (91.72%)
Total Ticket Income: $1,395,646
Other Income: $209,347
Total Income: $1,604,993

% Time on Ice - Senators

Lines # - Real PCT - Wanted PCT - Time Play
Normal Forward
1 - 34% - 36% - 16:06
2 - 35% - 34% - 16:57
3 - 21% - 20% - 10:05
4 - 10% - 10% - 4:47
Normal Defense
1 - 37% - 36% - 17:50
2 - 37% - 34% - 17:30
3 - 20% - 20% - 9:29
4 - 6% - 10% - 3:06
PP Forward
1 - 53% - 50% - 4:14
2 - 47% - 50% - 3:42
PP Defense
1 - 49% - 50% - 3:55
2 - 51% - 50% - 4:01
PK Forward
1 - 43% - 50% - 1:27
2 - 57% - 50% - 1:56
PK Defense
1 - 63% - 50% - 2:07
2 - 37% - 50% - 1:16
PK3 Forward
1 - 0% - 50%
2 - 0% - 50%
PK3 Defense
1 - 0% - 50%
2 - 0% - 50%
44 Forward
1 - 0% - 52%
2 - 0% - 48%
44 Defense
1 - 0% - 52%
2 - 0% - 48%
Last Minute Offensive  - 0:00
Last Minute Defensive  - 0:46
Total
Forward - 60:00
Defense - 60:00

% Time on Ice - Panthers

Lines # - Real PCT - Wanted PCT - Time Play
Normal Forward
1 - 37% - 38% - 17:55
2 - 35% - 35% - 17:03
3 - 22% - 22% - 10:35
4 - 6% - 5% - 2:48
Normal Defense
1 - 39% - 40% - 18:37
2 - 34% - 35% - 16:40
3 - 27% - 25% - 13:04
4 - 0% - 0% - 0:00
PP Forward
1 - 47% - 50% - 1:35
2 - 53% - 50% - 1:48
PP Defense
1 - 64% - 60% - 2:09
2 - 36% - 40% - 1:14
PK Forward
1 - 73% - 60% - 5:46
2 - 27% - 40% - 2:10
PK Defense
1 - 52% - 60% - 4:08
2 - 48% - 40% - 3:48
PK3 Forward
1 - 0% - 60%
2 - 0% - 40%
PK3 Defense
1 - 0% - 60%
2 - 0% - 40%
44 Forward
1 - 0% - 60%
2 - 0% - 40%
44 Defense
1 - 0% - 60%
2 - 0% - 40%
Last Minute Offensive  - 0:20
Last Minute Defensive  - 0:00
Total
Forward - 60:00
Defense - 60:00

Play by Play

1st period


0:01 of 1st period - Tyler Seguin wins face-off versus Matt Duchene in neutral zone.
0:19 of 1st period - Icing by Jacob Trouba.
0:20 of 1st period - Derick Brassard wins face-off versus Matt Duchene in Panthers zone.
0:23 of 1st period - Shot by Brayden Schenn.
0:23 of 1st period - Stopped by Marc-Andre Fleury with a rebound.
0:42 of 1st period - Off-side.
0:43 of 1st period - Paul Gaustad wins face-off versus Joe Thornton in neutral zone.
0:47 of 1st period - Lauri Korpikoski is hit by Justin Braun and loses puck.
0:56 of 1st period - Shot by Lauri Korpikoski.
0:56 of 1st period - Goal by Lauri Korpikoski - Senators : 1 - Panthers : 0.
0:57 of 1st period - Artem Anisimov wins face-off versus Anton Lander in neutral zone.
1:19 of 1st period - Shot by Marc Methot.
1:19 of 1st period - Stopped by Marc-Andre Fleury without a rebound.
1:20 of 1st period - Pavel Datsyuk wins face-off versus Tyler Seguin in Panthers zone.
1:30 of 1st period - Icing by Jakub Nakladal.
1:31 of 1st period - Pierre-Edouard Bellemare wins face-off versus Tyler Seguin in Senators zone.
1:41 of 1st period - Off-side.
1:42 of 1st period - Brayden Schenn wins face-off versus Joe Thornton in neutral zone.
1:47 of 1st period - Shot by Patrick Marleau.
1:47 of 1st period - Deflect By Brayden Schenn.
1:47 of 1st period - Shot Misses the Net.
1:57 of 1st period - Icing by Jared Cowen.
1:58 of 1st period - Derick Brassard wins face-off versus Artem Anisimov in Senators zone.
1:58 of 1st period - Brayden Schenn is hit by Artem Anisimov and loses puck.
2:13 of 1st period - Tyler Myers is hit by Brayden Schenn and loses puck.
4:10 of 1st period - Shot by Joe Thornton.
4:10 of 1st period - Shot Blocked by Drew Doughty.
4:12 of 1st period - Shot by Trevor van Riemsdyk.
4:12 of 1st period - Stopped by Tuukka Rask without a rebound.
4:13 of 1st period - Pierre-Edouard Bellemare wins face-off versus Paul Gaustad in Senators zone.
4:45 of 1st period - Shot by Jesper Fast.
4:45 of 1st period - Shot Misses the Net.
5:20 of 1st period - Shot by Pavel Datsyuk.
5:20 of 1st period - Stopped by Tuukka Rask without a rebound.
5:21 of 1st period - Matt Duchene wins face-off versus Tyler Seguin in Senators zone.
5:31 of 1st period - Patrick Kane is hit by Marc Methot and loses puck.
5:54 of 1st period - Shot by Nikolaj Ehlers.
5:54 of 1st period - Stopped by Tuukka Rask with a rebound.
5:56 of 1st period - Shot by Matt Duchene.
5:56 of 1st period - Stopped by Tuukka Rask without a rebound.
5:57 of 1st period - Anton Lander wins face-off versus Joe Thornton in Senators zone.
6:04 of 1st period - Shot by Milan Michalek.
6:04 of 1st period - Stopped by Marc-Andre Fleury without a rebound.
6:05 of 1st period - Joe Thornton wins face-off versus Anton Lander in Panthers zone.
6:14 of 1st period - Shot by Anton Lander.
6:14 of 1st period - Shot Misses the Net.
6:16 of 1st period - Shot by Steve Bernier.
6:16 of 1st period - Shot Misses the Net.
6:20 of 1st period - Shot by Steve Bernier.
6:20 of 1st period - Deflect By Milan Michalek.
6:20 of 1st period - Stopped by Marc-Andre Fleury without a rebound.
6:21 of 1st period - Tyler Seguin wins face-off versus Nikolaj Ehlers in Panthers zone.
6:59 of 1st period - Shot by Matt Duchene.
6:59 of 1st period - Shot Misses the Net.
7:21 of 1st period - Shot by Pavel Datsyuk.
7:21 of 1st period - Stopped by Tuukka Rask without a rebound.
7:22 of 1st period - Derick Brassard wins face-off versus Artem Anisimov in Senators zone.
7:22 of 1st period - Brayden Schenn is hit by Mikkel Boedker and loses puck.
7:32 of 1st period - Artem Anisimov is hit by Brayden Schenn and loses puck.
7:56 of 1st period - Minor Penalty to Danny DeKeyser for Roughing.
7:57 of 1st period - Tyler Seguin wins face-off versus Pierre-Edouard Bellemare in Panthers zone.
8:04 of 1st period - Shot by Brayden Schenn.
8:04 of 1st period - Shot Misses the Net.
8:54 of 1st period - Shot by Mike Hoffman.
8:54 of 1st period - Shot Blocked by T.J. Brodie.
9:08 of 1st period - Shot by Derick Brassard.
9:08 of 1st period - Shot Blocked by Jacob Trouba.
9:10 of 1st period - Shot by Patrick Marleau.
9:10 of 1st period - Deflect By Mike Hoffman.
9:10 of 1st period - Stopped by Marc-Andre Fleury without a rebound.
9:11 of 1st period - Tyler Seguin wins face-off versus Pierre-Edouard Bellemare in Panthers zone.
9:22 of 1st period - Shot by Mark Stone.
9:22 of 1st period - Stopped by Marc-Andre Fleury without a rebound.
9:23 of 1st period - Derick Brassard wins face-off versus Pierre-Edouard Bellemare in Panthers zone.
10:14 of 1st period - Pavel Datsyuk is hit by Drew Doughty and loses puck.
10:39 of 1st period - Shot by Pavel Datsyuk.
10:39 of 1st period - Shot Misses the Net.
11:06 of 1st period - Jacob Trouba is hit by Jakub Nakladal and loses puck.
11:27 of 1st period - Shot by Patrick Kane.
11:27 of 1st period - Stopped by Tuukka Rask without a rebound.
11:28 of 1st period - Derick Brassard wins face-off versus Artem Anisimov in Senators zone.
11:43 of 1st period - Shot by Derick Brassard.
11:43 of 1st period - Goal by Derick Brassard - Senators : 2 - Panthers : 0.
11:44 of 1st period - Tyler Seguin wins face-off versus Reid Boucher in neutral zone.
12:04 of 1st period - Minor Penalty to Tyler Seguin for Delaying the game.
12:05 of 1st period - Anton Lander wins face-off versus Matt Duchene in Senators zone.
12:05 of 1st period - Anton Lander is hit by Patrick Kane.
12:19 of 1st period - Shot by T.J. Brodie.
12:19 of 1st period - Stopped by Tuukka Rask without a rebound.
12:20 of 1st period - Joe Thornton wins face-off versus Anton Lander in Senators zone.
13:25 of 1st period - Shot by Patrick Kane.
13:25 of 1st period - Goal by Patrick Kane - Senators : 2 - Panthers : 1.
13:26 of 1st period - Derick Brassard wins face-off versus Artem Anisimov in neutral zone.
13:29 of 1st period - Shot by Patrick Marleau.
13:29 of 1st period - Stopped by Marc-Andre Fleury without a rebound.
13:30 of 1st period - Derick Brassard wins face-off versus Matt Duchene in Panthers zone.
13:41 of 1st period - Shot by Derick Brassard.
13:41 of 1st period - Stopped by Marc-Andre Fleury without a rebound.
13:42 of 1st period - Tyler Seguin wins face-off versus Artem Anisimov in Panthers zone.
13:44 of 1st period - Minor Penalty to Trevor van Riemsdyk for High sticking.
13:45 of 1st period - Tyler Seguin wins face-off versus Pierre-Edouard Bellemare in Panthers zone.
14:12 of 1st period - Shot by Tyler Seguin.
14:12 of 1st period - Shot Blocked by Justin Braun.
14:14 of 1st period - Shot by Drew Doughty.
14:14 of 1st period - Shot Misses the Net.
14:16 of 1st period - Shot by Jason Garrison.
14:16 of 1st period - Stopped by Marc-Andre Fleury without a rebound.
14:17 of 1st period - Pierre-Edouard Bellemare wins face-off versus Derick Brassard in Panthers zone.
14:36 of 1st period - Shot by Patrick Marleau.
14:36 of 1st period - Stopped by Marc-Andre Fleury with a rebound.
14:38 of 1st period - Shot by Mike Hoffman.
14:38 of 1st period - Shot Blocked by Jacob Trouba.
14:40 of 1st period - Shot by Jared Cowen.
14:40 of 1st period - Stopped by Marc-Andre Fleury without a rebound.
14:41 of 1st period - Pierre-Edouard Bellemare wins face-off versus Tyler Seguin in Panthers zone.
14:41 of 1st period - Pierre-Edouard Bellemare is hit by Brayden Schenn.
14:53 of 1st period - Shot by Tyler Seguin.
14:53 of 1st period - Shot Misses the Net.
15:39 of 1st period - Shot by Michael Stone.
15:39 of 1st period - Stopped by Marc-Andre Fleury without a rebound.
15:40 of 1st period - Artem Anisimov wins face-off versus Derick Brassard in Panthers zone.
15:40 of 1st period - Artem Anisimov is hit by Derick Brassard.
15:47 of 1st period - Icing by Michael Stone.
15:48 of 1st period - Joe Thornton wins face-off versus Drew Miller in Senators zone.
16:00 of 1st period - Pavel Datsyuk is hit by Michael Stone and loses puck.
16:06 of 1st period - Minor Penalty to Michael Stone for Hooking.
16:07 of 1st period - Anton Lander wins face-off versus Matt Duchene in Senators zone.
16:35 of 1st period - Shot by Patrick Kane.
16:35 of 1st period - Shot Blocked by Jared Cowen.
17:17 of 1st period - Marc Methot is hit by Pavel Datsyuk and loses puck.
17:24 of 1st period - Shot by Justin Braun.
17:24 of 1st period - Stopped by Tuukka Rask without a rebound.
17:25 of 1st period - Joe Thornton wins face-off versus Anton Lander in Senators zone.
17:44 of 1st period - Shot by Vladimir Tarasenko.
17:44 of 1st period - Stopped by Tuukka Rask without a rebound.
17:45 of 1st period - Anton Lander wins face-off versus Joe Thornton in Senators zone.
17:54 of 1st period - Shot by Vladimir Tarasenko.
17:54 of 1st period - Shot Blocked by Marc Methot.
18:20 of 1st period - Shot by Brayden Schenn.
18:20 of 1st period - Stopped by Marc-Andre Fleury without a rebound.
18:21 of 1st period - Matt Duchene wins face-off versus Tyler Seguin in Panthers zone.
19:41 of 1st period - Shot by Vladimir Tarasenko.
19:41 of 1st period - Stopped by Tuukka Rask without a rebound.
19:42 of 1st period - Drew Miller wins face-off versus Mikkel Boedker in Senators zone.
19:59 of 1st period - Shot by Mikkel Boedker.
19:59 of 1st period - Stopped by Tuukka Rask without a rebound.
Goals for this period are 2 for Senators vs 1 for Panthers.
Shots for this period are 15 for Senators vs 12 for Panthers.

2nd period


0:01 of 2nd period - Joe Thornton wins face-off versus Tyler Seguin in neutral zone.
0:04 of 2nd period - Jared Cowen is hit by Pavel Datsyuk and loses puck.
0:12 of 2nd period - Minor Penalty to Pavel Datsyuk for Tripping.
0:13 of 2nd period - Pierre-Edouard Bellemare wins face-off versus Derick Brassard in Panthers zone.
0:40 of 2nd period - Tyler Myers is hit by Derick Brassard and loses puck.
1:05 of 2nd period - Icing by Patrick Marleau.
1:06 of 2nd period - Artem Anisimov wins face-off versus Patrick Marleau in Senators zone.
1:07 of 2nd period - Shot by Patrick Kane.
1:07 of 2nd period - Stopped by Tuukka Rask without a rebound.
1:08 of 2nd period - Tyler Seguin wins face-off versus Pierre-Edouard Bellemare in Senators zone.
1:12 of 2nd period - Icing by Michael Stone.
1:13 of 2nd period - Tyler Seguin wins face-off versus Pierre-Edouard Bellemare in Senators zone.
1:43 of 2nd period - Tyler Myers is hit by Brayden Schenn and loses puck.
1:58 of 2nd period - Jesper Fast is hit by Brayden Schenn and loses puck.
3:04 of 2nd period - Off-side.
3:05 of 2nd period - Matt Duchene wins face-off versus Milan Michalek in neutral zone.
3:22 of 2nd period - Shot by Nikolaj Ehlers.
3:22 of 2nd period - Stopped by Tuukka Rask without a rebound.
3:23 of 2nd period - Tyler Seguin wins face-off versus Artem Anisimov in Senators zone.
3:32 of 2nd period - Shot by Mikkel Boedker.
3:32 of 2nd period - Stopped by Tuukka Rask without a rebound.
3:33 of 2nd period - Derick Brassard wins face-off versus Matt Duchene in Senators zone.
4:13 of 2nd period - Shot by Patrick Marleau.
4:13 of 2nd period - Deflect By Derick Brassard.
4:13 of 2nd period - Stopped by Marc-Andre Fleury without a rebound.
4:14 of 2nd period - Joe Thornton wins face-off versus Tyler Seguin in Panthers zone.
4:14 of 2nd period - Joe Thornton is hit by Tyler Seguin.
4:21 of 2nd period - Tyler Myers is hit by Jared Cowen and loses puck.
4:28 of 2nd period - Shot by Joe Thornton.
4:28 of 2nd period - Shot Blocked by Jared Cowen.
6:35 of 2nd period - Icing by Jacob Trouba.
6:36 of 2nd period - Nikolaj Ehlers wins face-off versus Anton Lander in Panthers zone.
6:36 of 2nd period - Patrick Kane is hit by Steve Bernier and loses puck.
6:44 of 2nd period - Jacob Trouba is hit by Michael Stone and loses puck.
7:07 of 2nd period - Shot by Matt Duchene.
7:07 of 2nd period - Shot Misses the Net.
7:09 of 2nd period - Shot by Matt Duchene.
7:09 of 2nd period - Shot Blocked by Michael Stone.
7:11 of 2nd period - Shot by Matt Duchene.
7:11 of 2nd period - Shot Misses the Net.
7:32 of 2nd period - Shot by Mark Stone.
7:32 of 2nd period - Stopped by Marc-Andre Fleury with a rebound.
7:37 of 2nd period - Off-side.
7:38 of 2nd period - Joe Thornton wins face-off versus Derick Brassard in neutral zone.
7:55 of 2nd period - Shot by Brayden Schenn.
7:55 of 2nd period - Shot Blocked by Justin Braun.
8:07 of 2nd period - Shot by Pavel Datsyuk.
8:07 of 2nd period - Shot Blocked by Brayden Schenn.
8:49 of 2nd period - Shot by Mike Hoffman.
8:49 of 2nd period - Shot Misses the Net.
8:57 of 2nd period - Shot by Mike Hoffman.
8:57 of 2nd period - Shot Misses the Net.
9:11 of 2nd period - Shot by Mike Hoffman.
9:11 of 2nd period - Stopped by Marc-Andre Fleury without a rebound.
9:12 of 2nd period - Pierre-Edouard Bellemare wins face-off versus Paul Gaustad in Panthers zone.
9:27 of 2nd period - Shot by Reid Boucher.
9:27 of 2nd period - Deflect By Jesper Fast.
9:27 of 2nd period - Stopped by Tuukka Rask without a rebound.
9:28 of 2nd period - Matt Duchene wins face-off versus Anton Lander in Senators zone.
9:45 of 2nd period - Shot by Patrick Kane.
9:45 of 2nd period - Stopped by Tuukka Rask with a rebound.
11:36 of 2nd period - Shot by Patrick Marleau.
11:36 of 2nd period - Deflect By Brayden Schenn.
11:36 of 2nd period - Stopped by Marc-Andre Fleury without a rebound.
11:37 of 2nd period - Paul Gaustad wins face-off versus Artem Anisimov in Panthers zone.
11:50 of 2nd period - Shot by Trevor van Riemsdyk.
11:50 of 2nd period - Shot Misses the Net.
11:58 of 2nd period - Icing by Drew Miller.
11:59 of 2nd period - Paul Gaustad wins face-off versus Pierre-Edouard Bellemare in Senators zone.
11:59 of 2nd period - Lauri Korpikoski is hit by Jesper Fast and loses puck.
12:18 of 2nd period - Shot by Paul Gaustad.
12:18 of 2nd period - Shot Misses the Net.
12:22 of 2nd period - Shot by Lauri Korpikoski.
12:22 of 2nd period - Stopped by Marc-Andre Fleury without a rebound.
12:23 of 2nd period - Matt Duchene wins face-off versus Derick Brassard in Panthers zone.
12:49 of 2nd period - Shot by Derick Brassard.
12:49 of 2nd period - Shot Blocked by Justin Braun.
13:36 of 2nd period - Shot by Joe Thornton.
13:36 of 2nd period - Stopped by Tuukka Rask without a rebound.
13:37 of 2nd period - Paul Gaustad wins face-off versus Artem Anisimov in Senators zone.
13:57 of 2nd period - Shot by Paul Gaustad.
13:57 of 2nd period - Shot Misses the Net.
13:59 of 2nd period - Shot by Lauri Korpikoski.
13:59 of 2nd period - Stopped by Marc-Andre Fleury without a rebound.
14:00 of 2nd period - Joe Thornton wins face-off versus Tyler Seguin in Panthers zone.
14:19 of 2nd period - Shot by Vladimir Tarasenko.
14:19 of 2nd period - Deflect By Pavel Datsyuk.
14:19 of 2nd period - Stopped by Tuukka Rask without a rebound.
14:20 of 2nd period - Paul Gaustad wins face-off versus Matt Duchene in Senators zone.
14:20 of 2nd period - Paul Gaustad is hit by Patrick Kane.
14:27 of 2nd period - Off-side.
14:28 of 2nd period - Joe Thornton wins face-off versus Tyler Seguin in neutral zone.
14:28 of 2nd period - Joe Thornton is hit by Tyler Seguin.
14:41 of 2nd period - Off-side.
14:42 of 2nd period - Matt Duchene wins face-off versus Derick Brassard in neutral zone.
14:45 of 2nd period - Michael Stone is hit by Nikolaj Ehlers and loses puck.
15:26 of 2nd period - Shot by Patrick Kane.
15:26 of 2nd period - Shot Misses the Net.
15:46 of 2nd period - Shot by Tyler Seguin.
15:46 of 2nd period - Stopped by Marc-Andre Fleury with a rebound.
15:56 of 2nd period - Shot by Pavel Datsyuk.
15:56 of 2nd period - Shot Misses the Net.
15:58 of 2nd period - Shot by Pavel Datsyuk.
15:58 of 2nd period - Stopped by Tuukka Rask without a rebound.
15:59 of 2nd period - Paul Gaustad wins face-off versus Artem Anisimov in Senators zone.
16:04 of 2nd period - Icing by Jason Garrison.
16:05 of 2nd period - Artem Anisimov wins face-off versus Paul Gaustad in Senators zone.
16:05 of 2nd period - Mikkel Boedker is hit by Jakub Nakladal and loses puck.
16:26 of 2nd period - Drew Miller is hit by Alex Tanguay and loses puck.
16:35 of 2nd period - Shot by Lauri Korpikoski.
16:35 of 2nd period - Stopped by Marc-Andre Fleury without a rebound.
16:36 of 2nd period - Tyler Seguin wins face-off versus Joe Thornton in Panthers zone.
17:05 of 2nd period - Shot by Joe Thornton.
17:05 of 2nd period - Shot Blocked by Marc Methot.
17:07 of 2nd period - Shot by Jacob Trouba.
17:07 of 2nd period - Stopped by Tuukka Rask with a rebound.
17:09 of 2nd period - Shot by Vladimir Tarasenko.
17:09 of 2nd period - Shot Blocked by Drew Doughty.
17:20 of 2nd period - Shot by Pavel Datsyuk.
17:20 of 2nd period - Stopped by Tuukka Rask without a rebound.
17:21 of 2nd period - Derick Brassard wins face-off versus Matt Duchene in Senators zone.
17:59 of 2nd period - Shot by Matt Duchene.
17:59 of 2nd period - Stopped by Tuukka Rask with a rebound.
18:38 of 2nd period - Alex Tanguay is hit by Jared Cowen and loses puck.
19:18 of 2nd period - Icing by Michael Stone.
19:19 of 2nd period - Derick Brassard wins face-off versus Pierre-Edouard Bellemare in Senators zone.
19:19 of 2nd period - Derick Brassard is hit by Pierre-Edouard Bellemare.
19:22 of 2nd period - Brayden Schenn is hit by Jesper Fast.
19:32 of 2nd period - Shot by Tyler Seguin.
19:32 of 2nd period - Shot Misses the Net.
19:41 of 2nd period - Icing by Justin Braun.
19:42 of 2nd period - Paul Gaustad wins face-off versus Pierre-Edouard Bellemare in Panthers zone.
19:49 of 2nd period - Shot by Drew Miller.
19:49 of 2nd period - Shot Blocked by Justin Braun.
Goals for this period are 0 for Senators vs 0 for Panthers.
Shots for this period are 8 for Senators vs 11 for Panthers.

3rd period


0:01 of 3rd period - Tyler Seguin wins face-off versus Matt Duchene in neutral zone.
0:09 of 3rd period - Tyler Seguin is hit by Jacob Trouba and loses puck.
0:15 of 3rd period - Icing by Matt Duchene.
0:16 of 3rd period - Patrick Kane wins face-off versus Derick Brassard in Panthers zone.
0:25 of 3rd period - Shot by Nikolaj Ehlers.
0:25 of 3rd period - Goal by Nikolaj Ehlers - Senators : 2 - Panthers : 2.
0:26 of 3rd period - Joe Thornton wins face-off versus Tyler Seguin in neutral zone.
0:29 of 3rd period - Shot by Vladimir Tarasenko.
0:29 of 3rd period - Stopped by Tuukka Rask without a rebound.
0:30 of 3rd period - Tyler Seguin wins face-off versus Joe Thornton in Senators zone.
0:47 of 3rd period - Icing by Vladimir Tarasenko.
0:48 of 3rd period - Joe Thornton wins face-off versus Derick Brassard in Panthers zone.
0:52 of 3rd period - Pavel Datsyuk is hit by Brayden Schenn.
1:16 of 3rd period - Shot by Vladimir Tarasenko.
1:16 of 3rd period - Shot Misses the Net.
1:18 of 3rd period - Shot by Pavel Datsyuk.
1:18 of 3rd period - Stopped by Tuukka Rask with a rebound.
1:55 of 3rd period - Shot by Mark Stone.
1:55 of 3rd period - Stopped by Marc-Andre Fleury without a rebound.
1:56 of 3rd period - Matt Duchene wins face-off versus Paul Gaustad in Panthers zone.
2:06 of 3rd period - Off-side.
2:07 of 3rd period - Artem Anisimov wins face-off versus Tyler Seguin in neutral zone.
2:26 of 3rd period - Icing by Tyler Seguin.
2:27 of 3rd period - Matt Duchene wins face-off versus Tyler Seguin in Senators zone.
2:28 of 3rd period - Shot by Nikolaj Ehlers.
2:28 of 3rd period - Stopped by Tuukka Rask with a rebound.
2:30 of 3rd period - Shot by Matt Duchene.
2:30 of 3rd period - Shot Misses the Net.
2:40 of 3rd period - Shot by Patrick Kane.
2:40 of 3rd period - Stopped by Tuukka Rask without a rebound.
2:41 of 3rd period - Artem Anisimov wins face-off versus Derick Brassard in Senators zone.
2:44 of 3rd period - Shot by Mikkel Boedker.
2:44 of 3rd period - Shot Blocked by Jared Cowen.
2:57 of 3rd period - Brayden Schenn is hit by Danny DeKeyser and loses puck.
3:12 of 3rd period - Shot by Brayden Schenn.
3:12 of 3rd period - Stopped by Marc-Andre Fleury without a rebound.
3:13 of 3rd period - Tyler Seguin wins face-off versus Nikolaj Ehlers in Panthers zone.
3:17 of 3rd period - Mark Stone is hit by Jacob Trouba and loses puck.
3:33 of 3rd period - Patrick Kane is hit by Drew Doughty and loses puck.
3:36 of 3rd period - Shot by Matt Duchene.
3:36 of 3rd period - Shot Misses the Net.
3:38 of 3rd period - Shot by Matt Duchene.
3:38 of 3rd period - Stopped by Tuukka Rask with a rebound.
4:36 of 3rd period - Shot by Brayden Schenn.
4:36 of 3rd period - Stopped by Marc-Andre Fleury without a rebound.
4:37 of 3rd period - Artem Anisimov wins face-off versus Paul Gaustad in Panthers zone.
4:42 of 3rd period - Shot by Alex Tanguay.
4:42 of 3rd period - Shot Misses the Net.
5:35 of 3rd period - Shot by Derick Brassard.
5:35 of 3rd period - Stopped by Marc-Andre Fleury without a rebound.
5:36 of 3rd period - Tyler Seguin wins face-off versus Matt Duchene in Panthers zone.
5:47 of 3rd period - Shot by Nikolaj Ehlers.
5:47 of 3rd period - Stopped by Tuukka Rask without a rebound.
5:48 of 3rd period - Derick Brassard wins face-off versus Joe Thornton in Senators zone.
6:42 of 3rd period - Shot by Mark Stone.
6:42 of 3rd period - Stopped by Marc-Andre Fleury without a rebound.
6:43 of 3rd period - Matt Duchene wins face-off versus Mark Stone in Panthers zone.
6:53 of 3rd period - Shot by Mike Hoffman.
6:53 of 3rd period - Shot Misses the Net.
6:59 of 3rd period - Mark Stone is hit by Matt Duchene and loses puck.
7:19 of 3rd period - Shot by Patrick Kane.
7:19 of 3rd period - Shot Hit the Post.
7:47 of 3rd period - Shot by Mikkel Boedker.
7:47 of 3rd period - Deflect By Artem Anisimov.
7:47 of 3rd period - Stopped by Tuukka Rask without a rebound.
7:48 of 3rd period - Jesper Fast wins face-off versus Derick Brassard in Senators zone.
7:48 of 3rd period - Jesper Fast is hit by Jakub Nakladal.
7:55 of 3rd period - Icing by Jason Garrison.
7:56 of 3rd period - Derick Brassard wins face-off versus Vladimir Tarasenko in Senators zone.
7:56 of 3rd period - Derick Brassard is hit by Pavel Datsyuk.
8:01 of 3rd period - Minor Penalty to Joe Thornton for Holding.
8:02 of 3rd period - Pierre-Edouard Bellemare wins face-off versus Derick Brassard in Panthers zone.
8:02 of 3rd period - Pierre-Edouard Bellemare is hit by Derick Brassard.
8:09 of 3rd period - Icing by Michael Stone.
8:10 of 3rd period - Pierre-Edouard Bellemare wins face-off versus Derick Brassard in Senators zone.
8:39 of 3rd period - Shot by Patrick Marleau.
8:39 of 3rd period - Deflect By Mike Hoffman.
8:39 of 3rd period - Shot Misses the Net.
8:48 of 3rd period - Icing by Jared Cowen.
8:49 of 3rd period - Pierre-Edouard Bellemare wins face-off versus Derick Brassard in Senators zone.
8:57 of 3rd period - Off-side.
8:58 of 3rd period - Tyler Seguin wins face-off versus Pierre-Edouard Bellemare in neutral zone.
9:13 of 3rd period - Shot by Brayden Schenn.
9:13 of 3rd period - Stopped by Marc-Andre Fleury without a rebound.
9:14 of 3rd period - Tyler Seguin wins face-off versus Artem Anisimov in Panthers zone.
9:14 of 3rd period - Tyler Seguin is hit by Tyler Myers.
10:17 of 3rd period - Patrick Kane is hit by Michael Stone and loses puck.
10:27 of 3rd period - Off-side.
10:28 of 3rd period - Pavel Datsyuk wins face-off versus Anton Lander in neutral zone.
10:54 of 3rd period - Off-side.
10:55 of 3rd period - Paul Gaustad wins face-off versus Matt Duchene in neutral zone.
10:55 of 3rd period - Michael Stone is hit by Nikolaj Ehlers and loses puck.
11:16 of 3rd period - Shot by Patrick Kane.
11:16 of 3rd period - Shot Misses the Net.
11:27 of 3rd period - Paul Gaustad is hit by Jacob Trouba.
11:31 of 3rd period - Shot by Drew Miller.
11:31 of 3rd period - Shot Misses the Net.
11:33 of 3rd period - Shot by Drew Miller.
11:33 of 3rd period - Stopped by Marc-Andre Fleury without a rebound.
11:34 of 3rd period - Joe Thornton wins face-off versus Tyler Seguin in Panthers zone.
11:34 of 3rd period - Joe Thornton is hit by Tyler Seguin.
11:50 of 3rd period - Shot by Pavel Datsyuk.
11:50 of 3rd period - Stopped by Tuukka Rask without a rebound.
11:51 of 3rd period - Artem Anisimov wins face-off versus Brayden Schenn in Senators zone.
12:06 of 3rd period - Shot by Mikkel Boedker.
12:06 of 3rd period - Stopped by Tuukka Rask without a rebound.
12:07 of 3rd period - Tyler Seguin wins face-off versus Matt Duchene in Senators zone.
12:22 of 3rd period - Shot by Tyler Seguin.
12:22 of 3rd period - Shot Misses the Net.
12:24 of 3rd period - Shot by Mark Stone.
12:24 of 3rd period - Stopped by Marc-Andre Fleury without a rebound.
12:25 of 3rd period - Joe Thornton wins face-off versus Derick Brassard in Panthers zone.
12:52 of 3rd period - Shot by Vladimir Tarasenko.
12:52 of 3rd period - Shot Misses the Net.
13:46 of 3rd period - Shot by Mike Hoffman.
13:46 of 3rd period - Deflect By Mark Stone.
13:46 of 3rd period - Goal by Mark Stone - Senators : 3 - Panthers : 2.
13:47 of 3rd period - Artem Anisimov wins face-off versus Paul Gaustad in neutral zone.
14:15 of 3rd period - Shot by Alex Tanguay.
14:15 of 3rd period - Stopped by Tuukka Rask without a rebound.
14:16 of 3rd period - Tyler Seguin wins face-off versus Matt Duchene in Senators zone.
14:23 of 3rd period - Icing by Jacob Trouba.
14:24 of 3rd period - Tyler Seguin wins face-off versus Matt Duchene in Panthers zone.
14:52 of 3rd period - Shot by Patrick Kane.
14:52 of 3rd period - Shot Misses the Net.
15:30 of 3rd period - Patrick Marleau is hit by Nikolaj Ehlers and loses puck.
15:40 of 3rd period - Off-side.
15:41 of 3rd period - Pavel Datsyuk wins face-off versus Anton Lander in neutral zone.
15:54 of 3rd period - Shot by Pavel Datsyuk.
15:54 of 3rd period - Deflect By Joe Thornton.
15:54 of 3rd period - Stopped by Tuukka Rask without a rebound.
15:55 of 3rd period - Artem Anisimov wins face-off versus Derick Brassard in Senators zone.
15:55 of 3rd period - Mikkel Boedker is hit by Marc Methot and loses puck.
16:16 of 3rd period - Shot by Patrick Marleau.
16:16 of 3rd period - Shot Blocked by Artem Anisimov.
16:18 of 3rd period - Shot by Derick Brassard.
16:18 of 3rd period - Stopped by Marc-Andre Fleury without a rebound.
16:19 of 3rd period - Joe Thornton wins face-off versus Tyler Seguin in Panthers zone.
16:37 of 3rd period - Shot by Joe Thornton.
16:37 of 3rd period - Shot Blocked by Jakub Nakladal.
17:04 of 3rd period - Shot by Pavel Datsyuk.
17:04 of 3rd period - Shot Blocked by Jason Garrison.
17:45 of 3rd period - Patrick Marleau is hit by Jacob Trouba and loses puck.
18:30 of 3rd period - Shot by Artem Anisimov.
18:30 of 3rd period - Stopped by Tuukka Rask without a rebound.
18:31 of 3rd period - Pavel Datsyuk wins face-off versus Steve Bernier in Senators zone.
19:26 of 3rd period - Shot by Drew Miller.
19:26 of 3rd period - Shot Blocked by Justin Braun.
19:36 of 3rd period - Shot by Milan Michalek.
19:36 of 3rd period - Stopped by Marc-Andre Fleury without a rebound.
19:37 of 3rd period - Mark Stone wins face-off versus Matt Duchene in Panthers zone.
19:47 of 3rd period - Off-side.
19:48 of 3rd period - Pavel Datsyuk wins face-off versus Mark Stone in neutral zone.
19:51 of 3rd period - Panthers, Marc-Andre Fleury is pulled from the net.
19:53 of 3rd period - Shot by Patrick Kane.
19:53 of 3rd period - Shot Misses the Net.
19:56 of 3rd period - Minor Penalty to Marc Methot for Hooking.
19:57 of 3rd period - Matt Duchene wins face-off versus Paul Gaustad in Senators zone.
19:57 of 3rd period - Patrick Kane is hit by Jared Cowen and loses puck.
Goals for this period are 1 for Senators vs 1 for Panthers.
Shots for this period are 11 for Senators vs 13 for Panthers.